Map: Discordance EC

Players

Sorandom - Winner!

  • Race: Zerg Zerg
  • League: Diamond
  • Spawn Location: 7:00

plopoulpe

  • Race: Terran Terran
  • League: Diamond
  • Spawn Location: 1:00

VOD

Have the link to the VOD?

Description

Time

  • Played on: April 12, 2019, 6:44 p.m.
  • Length: 7:55
Show
View Real Time Build Order
Export as new Build Order

Sorandom Zerg - Winner!

Build Orders: Pool First 

Get SALT Encoding   

  12  0:01  Drone  
  13  0:12  Overlord  
  13  0:25  Drone  
  14  0:30  Drone x2  
  16  0:37  Drone  
  17  0:47  Spawning Pool  
  17  0:49  Drone  
  17  0:54  Extractor  
  16  0:58  Drone  
  17  1:35  Zergling x6  
  17  1:36  Queen  
  22  1:48  Overlord  
  22  1:57  Hatchery  
  21  2:02  Zergling x2  
  22  2:11  Drone  
  22  2:13  Metabolic Boost  
  23  2:33  Drone  
  23  2:34  Hatchery  
  23  2:40  Drone x2  
  25  2:47  Drone x2  
  27  2:58  Drone  
  27  2:59  Drone  
  29  3:08  Queen  
  31  3:14  Zergling x4  
  31  3:16  Overlord  
  33  3:26  Drone  
  33  3:27  Overlord  
  34  3:29  Drone  
  35  3:36  Zergling x4  
  35  3:40  Spore Crawler  
  35  3:55  Drone x5  
  40  4:02  Queen  
  42  4:10  Drone x3  
  45  4:17  Lair  
  45  4:30  Spine Crawler, Zergling x8  
  48  4:37  Zergling x4  
  48  4:54  Overlord x3  
  48  4:55  Overlord  
  47  5:09  Overlord x2  
  47  5:10  Overlord  
  47  5:12  Overlord  
  47  5:14  Drone x2  
  49  5:24  Spire  
  49  5:27  Baneling Nest  
  47  5:28  Overseer  
  47  5:31  Drone x2  
  49  5:39  Zergling x8  
  48  5:50  Zergling x8  
  48  5:51  Zergling x4  
  54  5:57  Zergling x8  
  54  6:01  Zergling x2  
  54  6:02  Zergling x2  
  60  6:07  Zergling x2  
  60  6:11  Baneling x8  
  61  6:13  Zergling x4  
  61  6:16  Zergling x2  
  64  6:18  Zergling x2  
  64  6:19  Zergling x2  
  64  6:20  Zergling x2  
  68  6:25  Zergling x2  
  68  6:26  Zergling x4  
  68  6:30  Extractor, Drone  
  70  6:33  Extractor  
  69  6:41  Zergling x10  
  69  6:57  Zergling x4  
  69  6:58  Zergling x14  
  71  7:04  Zergling x2  
  71  7:09  Baneling x6  
  71  7:12  Zergling x4  
  73  7:17  Baneling  
  73  7:23  Drone x7  
Show
View Real Time Build Order
Export as new Build Order

plopoulpe Terran 

Build Orders:  

Get SALT Encoding   

  12  0:12  Supply Depot  
  12  0:14  SCV  
  13  0:26  SCV  
  14  0:36  Barracks  
  15  0:45  Supply Depot  
  15  0:48  SCV  
  15  1:00  SCV  
  16  1:12  SCV  
  17  1:23  Marine  
  18  1:26  Barracks  
  18  1:29  Orbital Command  
  18  1:35  Supply Depot  
  18  1:41  Marine  
  19  1:58  Marine  
  20  2:10  SCV  
  20  2:14  Marine  
  20  2:15  Command Center  
  22  2:20  Supply Depot  
  22  2:21  Marine  
  23  2:26  Refinery  
  23  2:41  Marine x2  
  23  2:42  SCV  
  23  2:43  Supply Depot  
  26  2:57  SCV  
  27  2:59  Marine  
  28  3:07  Marine  
  28  3:09  Command Center  
  29  3:16  Refinery  
  29  3:17  Marine  
  30  3:23  SCV  
  30  3:25  Marine  
  32  3:35  Marine  
  32  3:36  SCV  
  34  3:43  Marine  
  34  3:53  Marine  
  35  3:56  SCV  
  35  4:01  Marine  
  37  4:04  Barracks  
  37  4:05  Orbital Command  
  37  4:11  SCV, Marine  
  39  4:19  Marine  
  40  4:29  Marine  
  40  4:36  Marine  
  37  4:47  Marine  
  37  4:52  Marine  
  30  4:54  Marine  
  32  5:00  Factory  
  32  5:05  Marine  
  32  5:08  Bunker  
  32  5:12  Orbital Command  
  33  5:15  Barracks Reactor  
  33  5:16  Marine  
  33  5:17  SCV  
  34  5:29  SCV, Marine  
  34  5:34  Engineering Bay, Marine  
  36  5:41  SCV  
  34  5:47  Marine  
  34  5:48  Bunker  
  35  5:52  Marine  
  35  5:53  SCV, Marine x2  
  39  6:05  SCV, Marine  
  39  6:08  Missile Turret  
  39  6:10  Marine  
  39  6:11  Marine x2  
  44  6:17  SCV, Starport  
  45  6:21  Factory Tech Lab  
  45  6:24  Orbital Command  
  46  6:29  Supply Depot, SCV  
  47  6:38  Marine  
  48  6:41  SCV  
  48  6:45  Barracks Tech Lab  
  48  6:48  Barracks Tech Lab  
  48  6:52  Marine  
  48  6:53  SCV  
  41  6:57  Orbital Command  
  41  6:58  Marine  
  29  7:02  Orbital Command  
  29  7:05  SCV  
  29  7:06  Marine x2  
  19  7:09  Marine  
  20  7:16  Marine  
  20  7:18  SCV  
  20  7:20  Supply Depot  
  22  7:24  Marauder, Marine  
  22  7:27  Marine  
  26  7:30  SCV  
  26  7:34  Marine  
Tags
 
Matchup
TvZ
Opening
Pool First
Replay Pack
Pack
Spawn Locations
Cross Positions
Add a new tag
Caveats
  • Supply blocks, unpowered buildings, or Contaminate may cause inaccurate times.
  • Supply counts are checked every 10 seconds.